Map: Ascension to Aiur LE

Players

Shouse

  • Race: Zerg Zerg
  • League: Platinum
  • Spawn Location: 11:00

eXile - Winner!

  • Race: Zerg Zerg
  • League: Gold
  • Spawn Location: 5:00

VOD

Have the link to the VOD?

Description

Time

  • Played on: May 16, 2017, 1:19 p.m.
  • Length: 8:04
Show
View Real Time Build Order
Export as new Build Order

Shouse Zerg 

Build Orders: Pool First 

Get SALT Encoding   

  12  0:01  Drone  
  13  0:12  Overlord  
  13  0:17  Drone  
  14  0:30  Drone x2  
  16  0:36  Drone  
  17  0:46  Drone  
  18  0:59  Spawning Pool  
  18  1:01  Drone  
  18  1:16  Hatchery  
  18  1:18  Drone  
  18  1:20  Drone  
  19  1:29  Drone  
  20  1:44  Drone  
  21  1:56  Queen  
  21  1:57  Hatchery  
  22  2:01  Overlord  
  22  2:15  Extractor  
  21  2:17  Zergling x2  
  21  2:22  Zergling x4  
  24  2:29  Queen  
  24  2:32  Queen  
  24  2:34  Drone  
  29  2:48  Evolution Chamber  
  28  2:53  Roach Warren  
  28  2:55  Drone  
  28  2:56  Drone x2  
  30  3:17  Drone x6  
  30  3:18  Drone  
  37  3:29  Drone x4  
  37  3:31  Drone  
  42  3:40  Spine Crawler  
  41  3:43  Evolution Chamber  
  41  3:46  Drone x2  
  42  3:49  Extractor  
  41  3:55  Overlord  
  41  3:57  Overlord  
  36  4:28  Roach x2  
  36  4:30  Zergling x6  
  36  4:31  Zergling x2  
  44  4:41  Drone x5  
  44  4:42  Drone x2  
  51  5:01  Overlord x2  
  51  5:11  Zerg Melee Weapons Level 1  
  51  5:22  Overlord x2  
  51  5:24  Zergling x24  
  63  5:30  Queen  
  65  5:38  Zerg Ground Armor Level 1  
  65  5:43  Roach x2  
  65  5:48  Roach  
  70  6:03  Overlord x2  
  70  6:11  Metabolic Boost  
  70  6:20  Spore Crawler  
  70  6:22  Queen  
  71  6:29  Zergling x18, Roach x2  
  71  6:30  Zergling x6  
  87  6:41  Overlord x2  
  87  6:44  Queen  
  87  6:45  Overlord  
  87  6:46  Zergling x2  
  90  6:47  Zergling x6  
  93  6:55  Zergling x2, Roach  
  93  6:56  Zergling x2  
  97  7:07  Zergling x2  
  97  7:08  Zergling x12  
  104  7:18  Zergling x6  
  104  7:21  Hatchery  
  86  7:33  Zergling x22  
  89  7:42  Zergling x2  
Show
View Real Time Build Order
Export as new Build Order

eXile Zerg - Winner!

Build Orders: Hatch First 

Get SALT Encoding   

  12  0:01  Drone  
  13  0:18  Overlord  
  13  0:20  Drone  
  14  0:37  Drone x2  
  16  0:45  Drone  
  17  0:57  Hatchery  
  17  0:58  Drone  
  17  1:02  Extractor  
  17  1:03  Drone  
  17  1:23  Spawning Pool  
  16  1:27  Drone x2  
  18  1:36  Drone  
  19  1:47  Overlord  
  19  1:56  Drone  
  20  2:06  Drone  
  21  2:14  Zergling x2  
  22  2:16  Queen x2  
  22  2:17  Metabolic Boost  
  22  2:20  Zergling x2  
  27  2:24  Zergling x2  
  28  2:32  Drone x2  
  30  2:39  Drone  
  31  3:03  Zergling x4  
  33  3:06  Baneling Nest  
  33  3:08  Drone  
  33  3:09  Drone x2  
  35  3:15  Zergling x2  
  35  3:19  Overlord  
  36  3:27  Overlord  
  36  3:44  Overlord  
  36  3:45  Queen, Overlord  
  36  3:46  Zergling x2  
  36  3:47  Zergling x6  
  36  4:18  Drone  
  36  4:19  Roach Warren, Drone x4  
  36  4:21  Baneling x3  
  40  4:30  Drone  
  40  4:31  Drone x4  
  45  4:35  Lair  
  45  4:40  Drone  
  46  4:57  Evolution Chamber  
  45  5:02  Extractor, Roach  
  45  5:03  Extractor, Roach x6  
  45  5:06  Overlord  
  57  5:15  Evolution Chamber  
  57  5:18  Extractor  
  55  5:30  Zerg Missile Weapons Level 1  
  55  5:33  Queen  
  56  5:43  Roach  
  56  5:44  Roach x2  
  62  6:01  Hatchery  
  61  6:09  Zerg Melee Weapons Level 1  
  61  6:28  Glial Reconstitution  
  61  6:35  Drone x4  
  61  6:36  Drone x2  
  61  6:38  Overlord x3  
  61  6:39  Overlord  
  67  6:51  Overlord x2  
  67  6:57  Ravager x2  
  67  6:58  Ravager  
  70  7:01  Zergling x2  
  70  7:02  Zergling x16  
  70  7:03  Zergling x2  
  70  7:06  Roach x2  
  84  7:10  Spine Crawler  
  84  7:13  Spine Crawler  
  84  7:14  Spine Crawler  
  78  7:27  Zergling x8  
  78  7:28  Zergling x2  
  66  7:43  Roach x2  
  66  7:44  Roach x2  
Tags
 
Add a new tag
Caveats
  • Supply blocks, unpowered buildings, or Contaminate may cause inaccurate times.
  • Supply counts are checked every 10 seconds.